 Dungeon Crawl Stone Soup version 0.23.2 (webtiles) character file.

Game seed: 7351282679489361052

9823 Illumine the Carver (level 11, -1/92 HPs)
             Began as a Demigod Fighter on Oct 16, 2019.
             Slain by a bullfrog (4 damage)
             ... on level 9 of the Dungeon.
             The game lasted 00:17:55 (8900 turns).

Illumine the Carver (Demigod Fighter)               Turns: 8900, Time: 00:17:55

Health: -1/92      AC: 16    Str: 25      XL:     11   Next: 7%
Magic:  14/14      EV:  9    Int: 17      God:
Gold:   298        SH: 12    Dex: 14 (15) Spells: 10/10 levels left

rFire    . . .     SeeInvis .   a - +0 long sword
rCold    . . .     Gourm    .   c - +0 shield
rNeg     . . .     Faith    .   z - +0 plate armour
rPois    +         Spirit   .   (helmet restricted)
rElec    .         Reflect  .   (no cloak)
rCorr    .         Harm     .   (no gloves)
MR       +....                  j - +0 pair of boots
Stlth    ..........             x - amulet of regeneration
HPRegen  0.25/turn              e - ring of poison resistance
MPRegen  0.14/turn              (no ring)

@: brilliant, very slightly contaminated
A: beak, yellow scales 1, high mp 1
a: no special abilities


You were on level 9 of the Dungeon.
You were not hungry.

You visited 1 branch of the dungeon, and saw 10 of its levels.

You collected 298 gold pieces.

Inventory:

Hand Weapons
 a - a +0 long sword (weapon)
 t - the +5 flail of Purpose {crush, rN+ Int+2}
   (You found it on level 4 of the Dungeon)

   It inflicts extra damage upon your enemies.
   It affects your intelligence (+2).
   It protects you from negative energy.
 u - a +0 arbalest
 F - the +9 hand axe "Vayfux" {chop, rC+}
   (You found it on level 7 of the Dungeon)

   It inflicts extra damage upon your enemies.
   It protects you from cold.
Missiles
 J - 38 bolts
Armour
 c - a +0 shield (worn)
 j - a +0 pair of boots (worn)
 z - a +0 plate armour (worn)
Jewellery
 d - an uncursed ring of ice
 e - a ring of poison resistance (left hand)
 g - an uncursed amulet of magic regeneration
 x - an amulet of regeneration (around neck)
 E - an uncursed amulet of harm {unknown}
Wands
 m - a wand of flame (16)
 n - a wand of disintegration (28)
 C - a wand of random effects (22)
Scrolls
 o - a scroll of remove curse
 q - a scroll of noise
 r - 2 scrolls of amnesia
 y - a scroll of blinking
 A - 2 scrolls of fear {unknown}
 G - a scroll of brand weapon {unknown}
 H - a scroll of fog {unknown}
Potions
 k - 2 potions of mutation
Comestibles
 b - a chunk of flesh
 f - 12 rations


   Skills:
 + Level 7.0 Fighting
 + Level 9.4 Long Blades
 + Level 7.0 Armour
 + Level 6.2 Dodging
 + Level 8.5 Shields


You had 10 spell levels left.
You didn't know any spells.
Your spell library contained the following spells:

 Spells                   Type           Power        Failure   Level  Hunger
 Animate Skeleton         Necr           N/A          50%         1    ##.....
 Pain                     Necr           ##..         50%         1    ##.....
 Shock                    Conj/Air       ##..         50%         1    ##.....
 Swiftness                Chrm/Air       ##......     63%         2    ###....
 Regeneration             Chrm/Necr      ##........   83%         3    ####...
 Static Discharge         Conj/Air       ##......     83%         3    ####...
 Vampiric Draining        Necr           ##........   83%         3    ####...
 Airstrike                Air            ##........   99%         4    #####..
 Animate Dead             Necr           N/A          99%         4    #####..
 Lightning Bolt           Conj/Air       ##........   100%        5    ######.


Dungeon Overview and Level Annotations

Branches:
Dungeon (10/15)            Temple (0/1) D:5
   Lair: D:8-11         Orc: D:9-12

Shops:
D:8 *   D:10 [

Annotations:
D:10 Fannar


Innate Abilities, Weirdness & Mutations

You have an increased reservoir of magic. (+10% MP)
You have a beak for a mouth.
You are partially covered in yellow scales. (AC +2)


Message History

You block the quasit's attack.
The quasit claws you but does no damage.
You block the centaur's attack.
Blink to where?
Press: ? - help, Dir - move target cursor You are very lightly contaminated with residual magic.
As you read the scroll labeled HUGINE WAAGHEPP, it crumbles to dust.
It was a scroll of blinking.
A worker ant comes into view.
The worker ant twitches its antennae in your direction.
You block the worker ant's attack.
The centaur wields a +0 shortbow.
The centaur shoots an arrow.
You block the arrow. The worker ant barely misses you.
There is an escape hatch in the floor, spattered with blood here.
You see here 4 arrows.
The bullfrog hits you.
* * * LOW HITPOINT WARNING * * *
The worker ant bites you but does no damage.
The bullfrog hits you.
You die...

********* #$.,,,,,*
######..,,,,,*
#.......,,,,,*
#......#****** *******
*,.....##**********,,,,,,
*,,,....,,,,,,,,,,,,,,,,,
***###(#########***,*****
#..((@.......,,,,,,,,,
#...Fa...#####***,****
#...5....#...,,,,,****
####.(c.#'#^###**,,,,,,
#....#.........,*,**,,,
#....#.....####,*,*,,,,
#...>'.....+,,,,,,,,,,,
#...(#.....#***,****,,,
#....#.....###*,,,,,,,,


You could see a bullfrog, a centaur, a worker ant and a quasit.

Vanquished Creatures
  An unseen horror (D:10)
  A wraith (D:10)
  A wyvern (D:8)
  A human (D:7)
  3 hogs (D:7)
  A soldier ant (D:7)
  A water moccasin (D:8)
  A sky beast (D:6)
  2 black bears
  An orc warrior (D:7)
  3 ice beasts
  2 eyes of draining (D:8)
  A necrophage (D:7)
  3 centaurs
  5 ogres
  Blork the orc (D:4)
  3 bullfrogs
  3 scorpions
  7 wights (D:10)
  A howler monkey (D:8)
  2 crimson imps
  2 centaur zombies (D:8)
  2 jellies
  7 hounds
  An orc priest (D:3)
  2 orc wizards (D:7)
  A centaur skeleton (D:4)
  2 bullfrog skeletons
  2 iguanas
  Ijyb (D:3)
  4 worker ants
  A hound skeleton (D:4)
  A mummy (D:8)
  8 gnolls
  A howler monkey skeleton (D:10)
  14 adders
  2 shadow imps
  An adder zombie (D:9)
  2 adder skeletons
  3 worms
  6 leopard geckos
  13 orcs
  11 giant cockroaches
  10 goblins
  9 hobgoblins
  12 jackals
  10 kobolds
  5 quokkas
  9 bats
  5 frilled lizards
  3 leopard gecko skeletons
  10 rats
204 creatures vanquished.

Notes
Turn   | Place    | Note
-------+----------+-------------------------------------------
     0 | D:1      | Illumine the Demigod Fighter began the quest for the Orb.
     0 | D:1      | Reached XP level 1. HP: 18/18 MP: 3/3
    54 | D:1      | Reached skill level 2 in Long Blades
   117 | D:1      | Reached XP level 2. HP: 25/25 MP: 4/4
   522 | D:2      | Reached XP level 3. HP: 24/30 MP: 5/5
   526 | D:2      | Reached skill level 3 in Long Blades
  1313 | D:2      | Reached XP level 4. HP: 27/37 MP: 6/6
  1489 | D:2      | Found a white marble altar of Elyvilon.
  1987 | D:3      | Noticed Ijyb
  2001 | D:3      | Killed Ijyb
  2001 | D:3      | Reached skill level 4 in Long Blades
  2333 | D:4      | Reached XP level 5. HP: 37/42 MP: 7/7
  2411 | D:4      | Noticed Blork the orc
  2432 | D:4      | Gained mutation: You are partially covered in yellow
                  | scales. (AC +2) [potion of mutation]
  2432 | D:4      | Gained mutation: You have a beak for a mouth. [potion of
                  | mutation]
  2434 | D:4      | HP: 1/42 [Blork the orc/+0 mace (3)]
  2435 | D:4      | Killed Blork the orc
  2914 | D:3      | Found a shadowy altar of Dithmenos.
  3392 | D:4      | Reached skill level 5 in Long Blades
  3440 | D:4      | Reached XP level 6. HP: 49/50 MP: 8/8
  3596 | D:4      | Got a twisted flail
  3827 | D:5      | Entered Level 5 of the Dungeon
  3968 | D:4      | Reached skill level 6 in Long Blades
  4020 | D:5      | Reached XP level 7. HP: 53/56 MP: 9/9
  4100 | D:5      | Reached skill level 5 in Shields
  4110 | D:5      | Identified the +5 flail of Purpose {crush, rN+ Int+2} (You
                  | found it on level 4 of the Dungeon)
  4184 | D:5      | Found a staircase to the Ecumenical Temple.
  5024 | D:6      | Reached skill level 7 in Long Blades
  5045 | D:6      | Found a shattered altar of Ashenzari.
  5081 | D:6      | Reached skill level 1 in Dodging
  5161 | D:6      | Reached XP level 8. HP: 61/63 MP: 10/10
  5296 | D:7      | Got a twisted hand axe
  5297 | D:7      | Identified the +9 hand axe "Vayfux" {chop, rC+} (You found
                  | it on level 7 of the Dungeon)
  5625 | D:7      | Found an ornate altar of the Wu Jian Council.
  5787 | D:7      | Found a burning altar of Makhleb.
  5795 | D:7      | Noticed a cacodemon
  6574 | D:7      | Reached XP level 9. HP: 61/72 MP: 11/11
  6842 | D:8      | Reached skill level 8 in Long Blades
  6953 | D:8      | Found a glowing silver altar of Zin.
  7192 | D:9      | Reached skill level 5 in Fighting
  7200 | D:8      | Found a radiant altar of Vehumet.
  7269 | D:8      | Reached skill level 5 in Armour
  7680 | D:8      | Found a blossoming altar of Fedhas.
  7933 | D:8      | Found a snail-covered altar of Cheibriados.
  8003 | D:8      | Found Vuifyph's Serpentskin Sales.
  8199 | D:8      | Found a bloodstained altar of Trog.
  8700 | D:10     | Entered Level 10 of the Dungeon
  8814 | D:10     | Noticed Fannar
  8814 | D:10     | Noticed a manticore
  8820 | D:10     | Found Jidghad's Armour Emporium.
  8848 | D:10     | Killed an unseen horror
  8848 | D:10     | Reached XP level 10. HP: 6/83 MP: 13/13
  8849 | D:10     | Reached skill level 9 in Long Blades
  8849 | D:10     | Reached XP level 11. HP: 7/92 MP: 14/14
  8893 | D:9      | HP: 3/92 [centaur (5)]
  8900 | D:9      | HP: 3/92 [bullfrog (2)]
  8900 | D:9      | Slain by a bullfrog

Skill      XL: |  1  2  3  4  5  6  7  8  9 10 11 |
---------------+----------------------------------+-----
Long Blades    | 2 3 4 5 6 7 8 9 |  9.4
Shields        | 3 4 5 6 7 8 |  8.5
Fighting       | 3 4 5 7 |  7.0
Armour         | 3 4 5 6 7 |  7.0
Dodging        | 1 3 4 6 |  6.2

Action                   |  1- 3 |  4- 6 |  7- 9 | 10-12 || total
-------------------------+-------+-------+-------+-------++-------
Melee: Long sword        |   161 |   207 |   502 |     6 ||   876
       Peck              |       |    30 |   141 |     1 ||   172
Evoke: Wand              |       |     3 |    12 |     4 ||    19
  Use: Potion            |       |     3 |     7 |     2 ||    12
       Scroll            |       |     3 |    11 |     2 ||    16
  Eat: Chunk             |     1 |     6 |    10 |       ||    17
       Ration            |       |     1 |     2 |       ||     3
Armor: Scale mail        |    87 |    79 |    73 |       ||   239
       Plate armour      |       |       |   145 |    19 ||   164
       Skin              |       |       |     2 |       ||     2
Dodge: Dodged            |    56 |    51 |   119 |     9 ||   235
Block: Shield            |    91 |   110 |   288 |    15 ||   504
       Rpst.: Long sword |    17 |    15 |    37 |     1 ||    70
